 Dungeon Crawl Stone Soup version 0.25-a0-591-g2ad0d86 (webtiles) character file.

Game seed: 8524336788029035684, levelgen mode: deterministic

220 Faca the Skirmisher (level 6, -2/51 HPs)
             Began as a Human Fighter on Mar 14, 2020.
             Killed by divine providence
             ... invoked by an orc priest
              (17 damage)
             ... on level 4 of the Dungeon.
             The game lasted 00:04:35 (2277 turns).

Faca the Skirmisher (Human Fighter)                 Turns: 2277, Time: 00:04:36

Health: -2/51      AC:  7    Str: 17 (18) XL:     6   Next: 18%
Magic:  6/6        EV:  7    Int:  6 (8)  God:
Gold:   125        SH:  8    Dex: 10 (13) Spells: 5/5 levels left

rFire    . . .     SeeInvis .   a - +0 long sword
rCold    . . .     Gourm    .   c - +0 kite shield
rNeg     . . .     Faith    .   b - +0 scale mail
rPois    .         Spirit   .   (no helmet)
rElec    .         Reflect  .   (no cloak)
rCorr    .         Harm     .   g - +0 pair of gloves
MR       .....                  (no boots)
Stlth    ..........             (no amulet)
HPRegen  0.17/turn              (no ring)
MPRegen  0.10/turn              (no ring)

@: no status effects
A: no striking features
a: no special abilities


You were on level 4 of the Dungeon.
You were not hungry.

You visited 1 branch of the dungeon, and saw 4 of its levels.

You collected 125 gold pieces.

Inventory:

Hand Weapons
 a - a +0 long sword (weapon)
Missiles
 h - 19 poisoned darts (quivered)
Armour
 b - a +0 scale mail (worn)
 c - a +0 kite shield (worn)
 g - a +0 pair of gloves (worn)
Scrolls
 i - a scroll of fog
 m - a scroll of remove curse
Potions
 d - a potion of might
 e - a potion of cancellation
 j - a potion of curing {unknown}
 k - a potion of haste {unknown}
 n - a potion of brilliance {unknown}
Comestibles
 f - 8 rations


   Skills:
 + Level 5.0 Fighting
 + Level 4.4 Long Blades
 - Level 3.0 Armour
 - Level 3.0 Shields


You had 5 spell levels left.
You didn't know any spells.
Your spell library was empty.

Dungeon Overview and Level Annotations

Branches:
Dungeon (4/15)
 Temple: D:4-7

Altars:


Message History

Beogh smites you!
* * * LOW HITPOINT WARNING * * *
You hit the orc priest.
The orc priest is heavily wounded.
The orc priest misses you.
You riposte.
Your shield and scale mail prevent you from hitting the orc priest.
The orc priest is heavily wounded.
You feel much better.
The orc priest mumbles some strange prayers to Beogh against you.
Beogh smites you!
* * * LOW HITPOINT WARNING * * *
You barely miss the orc priest.
The orc priest is heavily wounded.
You block the orc priest's attack. The orc priest hits you with a +0 whip.
* * * LOW HITPOINT WARNING * * *
You hit the orc priest.
The orc priest is almost dead.
The orc priest calls down the wrath of Beogh upon you.
Beogh smites you!
You die...

. ####.##
<....####
######..#....
...........#
...........#
.....s.....#
.........<.#
###...o@...#
##.......#
#.......#
#........#
#........#
####!......
#........
#....?....
#.........


You could see a scorpion and an orc priest.

Vanquished Creatures
  2 howler monkeys
  An orc wizard (D:3)
  A worker ant (D:3)
  4 adders
  An adder skeleton (D:4)
  A dart slug (D:1)
  3 leopard geckos
  2 orcs (D:3)
  A ball python (D:1)
  2 giant cockroaches (D:1)
  7 hobgoblins
  5 jackals
  2 kobolds
  A quokka (D:2)
  7 bats
  2 frilled lizards
  3 goblins
  4 rats
49 creatures vanquished.

Notes
Turn   | Place    | Note
-------+----------+-------------------------------------------
     0 | D:1      | Faca the Human Fighter began the quest for the Orb.
     0 | D:1      | Reached XP level 1. HP: 18/18 MP: 1/1
    34 | D:1      | Reached XP level 2. HP: 23/24 MP: 2/2
   288 | D:1      | Reached XP level 3. HP: 25/29 MP: 3/3
  1188 | D:2      | Reached XP level 4. HP: 27/37 MP: 4/4
  1288 | D:2      | Reached skill level 4 in Fighting
  1841 | D:4      | Reached XP level 5. HP: 43/43 MP: 5/5
  2099 | D:3      | Reached skill level 5 in Fighting
  2099 | D:3      | Reached XP level 6. HP: 37/51 MP: 6/6
  2277 | D:4      | Killed from afar by an orc priest

Levels and vault maps discovered:
D:1:      ncdulo_wetmaze, layout_basic, serial_forest,
          infiniplex_forest_corner_1, infiniplex_forest_lined_corner,
          infiniplex_forest_zigzag_1, infiniplex_forest_clump_curved,
          infiniplex_forest_lined_room_2, infiniplex_forest_lined_room_3,
          infiniplex_forest_clump_medium, infiniplex_forest_clump_long,
          hex_intersection
D:2:      layout_rooms
D:3:      layout_rooms, first_ration, nrook_mini_backslash
D:4:      layout_rooms

Skill      XL: |  1  2  3  4  5 |
---------------+----------------+-----
Long Blades    | 3 4 |  4.4
Fighting       | 4 5 |  5.0
Armour         | |  3.0
Shields        | |  3.0

Action                   |  1- 3 |  4- 6 || total
-------------------------+-------+-------++-------
Melee: Long sword        |   121 |    72 ||   193
  Use: Scroll            |     4 |     2 ||     6
       Potion            |       |     4 ||     4
  Eat: Chunk             |     1 |     4 ||     5
Armor: Scale mail        |    71 |    44 ||   115
Dodge: Dodged            |    31 |    34 ||    65
Block: Kite shield       |    65 |    59 ||   124
       Rpst.: Long sword |    16 |    10 ||    26

Table legend:
 A = Non-vault XP
 B = Vault XP
 C = Vault XP percentage of total XP
 D = Non-vault monster count
 E = Vault monster count
 F = Vault count percentage of total count
                 A         B        C        D         E       F
            +---------+---------+-------+---------+---------+-------
      Total |     315 |       0 |   0.0 |      49 |       0 |   0.0
            +---------+---------+-------+---------+---------+-------
        D:1 |      33 |       0 |   0.0 |      18 |       0 |   0.0
        D:2 |      52 |       0 |   0.0 |      17 |       0 |   0.0
        D:3 |     170 |       0 |   0.0 |      12 |       0 |   0.0
        D:4 |      60 |       0 |   0.0 |       2 |       0 |   0.0
            +---------+---------+-------+---------+---------+-------
